 Dungeon Crawl Stone Soup version 0.31-a0-246-g8cbcc1cb85 (webtiles) character file.

Game seed: 14915632096820611093

43 qw the Shooter (level 3, -2/29 HPs)
             Began as a Minotaur Hexslinger on July 12, 2023.
             Slain by Natasha (6 damage)
             ... on level 3 of the Dungeon.
             The game lasted 00:00:23 (1299 turns).

qw the Shooter (Minotaur Hexslinger)                Turns: 1299, Time: 00:00:23

Health: -2/29      AC:  5    Str: 12    XL:     3   Next: 37%
Magic:  3/3        EV: 11    Int: 10    God:
Gold:   88         SH:  0    Dex: 14    Spells: 3/4 levels left

rFire   . . .        Y - +1 sling (drain)
rCold   . . .        (no shield)
rNeg    . . .        f - +0 ring mail
rPois   .            (helmet restricted)
rElec   .            (no cloak)
rCorr   .            (no gloves)
SInv    .            (no boots)
Will    .....        (no amulet)
Stlth   +            (no ring)
HPRegen 0.24/turn    (no ring)
MPRegen 0.08/turn

%: no passive effects
@: no status effects
A: horns 2, retaliatory headbutt
a: no special abilities


You were on level 3 of the Dungeon.
You visited 1 branch of the dungeon, and saw 3 of its levels.

You collected 88 gold pieces.


Innate Abilities, Weirdness & Mutations

You have a pair of horns on your head.
You reflexively headbutt those who attack you in melee.


   Skills:
 - Level 2.0 Fighting
 + Level 3.9 Ranged Weapons
 - Level 2.1 Dodging
 - Level 1.0 Spellcasting
 - Level 2.0 Hexes


You had 3 spell levels left.
You knew the following spells:

 Your Spells              Type           Power      Damage    Failure   Level
a - Slow                  Hex            16%        N/A       34%         1

Your spell library contained the following spells:

 Spells                   Type           Power      Damage    Failure   Level
 Inner Flame              Hex/Fire       2%         N/A       83%         3
 Portal Projectile        Hex/Tloc       4%         N/A       83%         3
 Cause Fear               Hex            2%         N/A       98%         4

Inventory:

Hand Weapons
 Y - a +1 sling of draining (weapon)
Armour
 f - a +0 ring mail (worn)
Scrolls
 a - a scroll of identify
Potions
 b - a potion of lignification {unknown}
 c - a potion of enlightenment {unknown}
 d - a potion of curing {unknown}
 e - a potion of brilliance {unknown}
 g - a potion of mutation {unknown}
 i - a potion of resistance {unknown}
 j - a potion of degeneration {unknown}

Dungeon Overview and Level Annotations

Branches:
Dungeon (3/15)

Altars:
Xom

Annotations:
D:3 Natasha


Message History

You shoot a sling bullet. The sling bullet misses Natasha.
Natasha stares at you and mumbles some strange words.
The magic dart hits you!
You shoot a sling bullet.
The sling bullet closely misses Natasha.
A giant cockroach comes into view.
You shoot a sling bullet.
The sling bullet closely misses Natasha.
Natasha casts a spell.
1292 ||| Stepping ~*~*~tactically~*~*~ (outnumbered).
You shoot a sling bullet.
The sling bullet completely misses Natasha.
Natasha howls an incantation.
You feel disoriented. Natasha casts a spell at you. The magic dart hits you!
You shoot a sling bullet.
The sling bullet closely misses Natasha.
Natasha stares at you and mumbles some strange words.
The magic dart hits you.
You shoot a sling bullet. The sling bullet barely misses Natasha.
Natasha completely misses you.
The cerulean imp hits you but does no damage.
You shoot a sling bullet.
The sling bullet closely misses Natasha.
Natasha claws you but does no damage.
The cerulean imp hits you from afar with a +1 spear.
Natasha closely misses you.
You shoot a sling bullet. The sling bullet barely misses Natasha.
The cerulean imp hits you from afar with a +1 spear.
Natasha howls an incantation.
Natasha shimmers violently.
Natasha claws you.
The cerulean imp hits you but does no damage.
You shoot a sling bullet.
The sling bullet closely misses Natasha.
Natasha closely misses you. The cerulean imp barely misses you.
You shoot a sling bullet. The sling bullet misses Natasha.
Natasha claws you.
You die...

########## #........#
#........#
#........######
#....$...5...5B
#.......h#
#.......@#######
###############........
#......<..#####.#######
#...............#
#.........#######
#.........# #.....>...#
#.........# ######.#.##


You could see Natasha and a cerulean imp (summoned).

Vanquished Creatures
  An adder (D:2)
  A worm (D:2)
  A dart slug (D:2)
  2 endoplasms
  A giant cockroach (D:2)
  3 goblins
  2 hobgoblins
  2 jackals (D:1)
  3 kobolds (D:2)
  6 ball pythons
  2 bats (D:1)
  A frilled lizard (D:1)
  3 rats
28 creatures vanquished.

Notes
Turn   | Place    | Note
-------+----------+-------------------------------------------
     0 | D:1      | qw the Minotaur Hexslinger began the quest for the Orb.
     0 | D:1      | Reached XP level 1. HP: 16/16 MP: 1/1
     0 | D:1      | 0 ||| qw: Version: 0.3-a-52-g30416fa
     0 | D:1      | 0 ||| qw: Game counter: 6353
     0 | D:1      | 0 ||| qw: Melee chars always use a shield: true
     0 | D:1      | 0 ||| qw: God list: Okawaru
     0 | D:1      | 0 ||| qw: Allow faded altars: false
     0 | D:1      | 0 ||| qw: Do Orc after clearing Dungeon:15 true
     0 | D:1      | 0 ||| qw: Do second Lair branch before Depths: true
     0 | D:1      | 0 ||| qw: Lair rune preference: random
     0 | D:1      | 0 ||| qw: Goals: Normal
     0 | D:1      | 0 ||| PLANNING D:1-11
   244 | D:1      | Reached skill level 3 in Ranged Weapons
   244 | D:1      | Reached XP level 2. HP: 23/23 MP: 2/2
   527 | D:1      | 527 ||| UPGRADING to +0 leather armour.
   537 | D:1      | 537 ||| DROPPING +0 robe.
   538 | D:1      | 538 ||| DROPPING amulet of magic regeneration.
   539 | D:1      | 539 ||| READING 2 scrolls labelled DOULAP NUDIA.
   540 | D:1      | 540 ||| READING 2 scrolls labelled QOULIQ DUGIHO.
   541 | D:1      | 541 ||| DROPPING scroll of poison.
   542 | D:1      | 542 ||| DROPPING scroll of immolation.
   729 | D:2      | Reached XP level 3. HP: 10/29 MP: 3/3
   902 | D:2      | Found a shimmering altar of Xom.
  1161 | D:2      | 1161 ||| UPGRADING to +0 ring mail.
  1171 | D:2      | 1171 ||| DROPPING +0 leather armour.
  1172 | D:2      | 1172 ||| READING scroll labelled ASHUSO TENUH.
  1173 | D:2      | 1173 ||| READING scroll labelled REOCOG HEG.
  1288 | D:3      | Noticed Natasha
  1292 | D:3      | 1292 ||| Stepping ~*~*~tactically~*~*~ (outnumbered).
  1296 | D:3      | HP: 6/29 [cerulean imp/+1 spear[Natasha] (5)]
  1299 | D:3      | Slain by Natasha

Levels and vault maps discovered:
D:1:      spicycebolla_arrival_clurvy, layout_basic
D:2:      layout_loops_ring, basic_altar
D:3:      kennysheep_the_goblin_king, layout_rooms, minmay_misc_feat_encased,
          uniq_natasha, uniq_sigmund

Skill      XL: |  1  2 |
---------------+-------+-----
Ranged Weapons | 3 |  3.9
Fighting       | 2 |  2.0
Dodging        | |  2.1
Spellcasting   | |  1.0
Hexes          | |  2.0

Action                     || total
---------------------------++-------
   Fire: Sling             ||    77
    Use: Scroll            ||     4
 Armour: Leather armour    ||     2
         Ring mail         ||     3
  Dodge: Dodged            ||    18

Table legend:
 A = Non-vault XP
 B = Vault XP
 C = Vault XP percentage of total XP
 D = Non-vault monster count
 E = Vault monster count
 F = Vault count percentage of total count
                 A         B        C        D         E       F
            +---------+---------+-------+---------+---------+-------
      Total |      62 |       0 |   0.0 |      28 |       0 |   0.0
            +---------+---------+-------+---------+---------+-------
        D:1 |      20 |       0 |   0.0 |      13 |       0 |   0.0
        D:2 |      42 |       0 |   0.0 |      15 |       0 |   0.0
            +---------+---------+-------+---------+---------+-------
